 Dungeon Crawl Stone Soup version 0.31-a0-564-g3b7de120b3 (webtiles) character file.

Game seed: 1700203741520078784

5169 lunkers the Martial Artist (level 11, -1/83 HPs)
             Began as a Meteoran Shapeshifter on Aug 17, 2023.
             Was a Priest of Okawaru.
             Slain by a vampire (3 damage)
             ... on level 10 of the Dungeon.
             The game lasted 00:11:23 (4800 turns).

lunkers the Martial Artist (Meteoran Shapeshifter)  Turns: 4800, Time: 00:11:23

Health: -1/83      AC:  6    Str: 16    XL:     11   Next: 13%
Magic:  15/15      EV: 13    Int: 11    God:    Okawaru [***...]
Gold:   308        SH:  0    Dex: 25    Spells: 10/10 levels left

rFire   . .          .
                       - Unarmed
rCold   . . .        (no shield)
rNeg    . . .        e - +1 ring mail
rPois   .            (helmet currently unavailable)
rElec   .            (cloak currently unavailable)
rCorr   .            (gloves currently unavailable)
SInv    .            (boots currently unavailable)
Will    ++...        (no amulet)
Stlth   +            h - +6 ring of dexterity
HPRegen 0.33/turn    p - ring of willpower
MPRegen 0.14/turn

%: no passive effects
@: about to teleport, beast-form, glowing
A: beast (slay +4), sense surroundings 2, otherworldly, glowing, explore regen
a: Begin Untransformation, Renounce Religion, Heroism


You were on level 10 of the Dungeon.
You worshipped Okawaru.
Okawaru was most pleased with you.
You were a hulking beast.
You visited 3 branches of the dungeon, and saw 11 of its levels.

You collected 308 gold pieces.

Inventory:

Missiles
 r - 2 throwing nets
Armour
 e - a +1 ring mail (worn)
 x - a +0 helmet
Jewellery
 h - a +6 ring of dexterity (left hand)
 j - a +6 ring of intelligence
 p - a ring of willpower (right hand)
Talismans
 c - a beast talisman (active)
 d - a flux talisman
 u - a maw talisman
Wands
 s - a wand of paralysis (8)
Scrolls
 n - a scroll of revelation
 q - a scroll of teleportation
Potions
 a - a potion of berserk rage {unknown}
 b - 4 potions of curing
 f - 2 potions of haste
 g - a potion of brilliance {unknown}
 i - a potion of heal wounds {unknown}
 l - a potion of enlightenment {unknown}
 m - 3 potions of attraction
 o - a potion of might {unknown}
 v - a potion of cancellation {unknown}


   Skills:
 + Level 3.6 Fighting
 + Level 4.2 Dodging
 * Level 14.1 Unarmed Combat
 - Level 4.0 Invocations
 + Level 9.1 Shapeshifting


You had 10 spell levels left.
You didn't know any spells.
Your spell library contained the following spells:

 Spells                   Type           Power      Damage    Failure   Level
 Apportation              Tloc           0%         N/A       56%         1
 Necrotise                Necr           0%         1d4       56%         1
 Ensorcelled Hibernation  Hex/Ice        0%         N/A       71%         2
 Anguish                  Hex/Necr       0%         N/A       100%        4
 Summon Small Mammal      Summ           Unusable   N/A       N/A         1

Dungeon Overview and Level Annotations

Branches:
Dungeon (10/15) Zot: 696   Temple (1/1) D:7 Zot: 567     Orc (1/2) D:9 Zot: 594
   Lair: D:8-11

Altars:
Ashenzari
Cheibriados
Dithmenos
Elyvilon
Fedhas
Hepliaklqana
Kikubaaqudgha
Makhleb
Nemelex Xobeh
Okawaru
Qazlal
Ru
Sif Muna
Trog
Uskayaw
Vehumet
Wu Jian
Xom
Yredelemnul
The Shining One

Shops:
D:5 !((!:

Annotations:
D:3 2 transporters


Innate Abilities, Weirdness & Mutations

You are a hulking beast.
Your limbs bulge with bestial killing power. (Slay +4)
You passively map the area around you.
You are easily found by Zot.
You glow in the dark.
You regain HP and MP as you explore.


Message History

The iron imp barely misses you.
Unknown command.
You pummel the kobold brigand!!
The kobold brigand is almost dead.
The kobold brigand closely misses you. Something hits you.
* * * LOW HITPOINT WARNING * * *
Something bites you!
* * * LOW HITPOINT WARNING * * *
Something draws strength from your injuries!
The iron imp misses you.
You pummel the kobold brigand!!
You kill the kobold brigand!
Okawaru accepts your kill. Something hits you!
* * * LOW HITPOINT WARNING * * *
Something bites you.
* * * LOW HITPOINT WARNING * * *
Something draws strength from your injuries!
You punch the yak!
The yak is moderately wounded.
The iron imp barely misses you.
Unknown command.
You punch the yak!
The yak is severely wounded.
The yak gores you.
* * * LOW HITPOINT WARNING * * *
Something hits you but does no damage. Something bites you but does no damage.
You hit the yak. You punch the yak!
You kill the yak!
Okawaru accepts your kill.
Okawaru will now gift you throwing weapons as you gain piety.
The iron imp barely misses you. Something hits you!
* * * LOW HITPOINT WARNING * * *
Something bites you.
* * * LOW HITPOINT WARNING * * *
Something draws strength from your injuries!
The shadow imp summons a swarm of flies.
As you read the scroll of teleportation, it crumbles to dust.
You feel strangely unstable. The sun demon misses you. Something hits you.
You die...

* * * , , , ,,
,,*,** *,* ,** #
>#. ####. .. *,* **
.....# .. , , *
,......#,.## ,
........ ..# # *
.......5##5###*.# ,
* *
:.......h3y5.#4.##
*
,........##Ky45y...
,,,,*
........##.Yyy..$y
*
.......##.K##..##.,
, ........Y.## .#
.......Y### # ,
,.......V# *
........# * * , *
........# **


You could see a sun demon (summoned), an ice devil (summoned), a kobold
demonologist, a yak, 5 killer bees, an iron imp (summoned), a white imp
(summoned) and 2 shadow imps.

Vanquished Creatures
  A two-headed ogre (D:8)
  Grinder (D:3)
  Sigmund (D:5)
  A wraith (D:9)
  3 yaks (D:10)
  Eustachio (D:6)
  A steam dragon (D:6)
  Edmund (D:5)
  2 water moccasins
  3 orc warriors
  2 ice beasts (D:6)
  2 sky beasts
  2 ogres
  4 centaurs
  3 phantoms
  2 kobold brigands
  4 bullfrogs
  A scorpion (D:7)
  6 killer bees (D:7)
  A howler monkey (D:9)
  A crimson imp (D:6)
  4 jellies
  3 orc priests (D:8)
  2 gnoll boudas
  5 hounds
  6 iguanas
  5 orc wizards
  9 gnolls
  An adder (D:3)
  A shadow imp (D:5)
  2 white imps
  2 ufetubi
  A dart slug (D:5)
  16 orcs
  3 ball pythons (D:1)
  3 endoplasms
  2 giant cockroaches
  7 goblins
  7 hobgoblins
  2 quokkas
  6 bats
  3 frilled lizards
  6 kobolds
  5 rats
144 creatures vanquished.

Notes
Turn   | Place    | Note
-------+----------+-------------------------------------------
     0 | D:1      | lunkers the Meteoran Shapeshifter began the quest for the
                  | Orb.
     0 | D:1      | Reached XP level 1. HP: 16/16 MP: 2/2
    55 | D:1      | Reached XP level 2. HP: 21/23 MP: 3/3
    77 | D:1      | Reached skill level 4 in Unarmed Combat
   211 | D:1      | Reached XP level 3. HP: 28/28 MP: 4/4
   504 | D:1      | Glimpsed the power of Zot.
  1046 | D:2      | Reached XP level 4. HP: 35/35 MP: 5/5
  1106 | D:2      | Glimpsed the power of Zot.
  1156 | D:2      | Glimpsed the power of Zot.
  1196 | D:2      | Glimpsed the power of Zot.
  1202 | D:3      | Noticed Grinder
  1233 | D:3      | Killed Grinder
  1234 | D:3      | Reached skill level 6 in Unarmed Combat
  1234 | D:3      | Reached skill level 5 in Shapeshifting
  1234 | D:3      | Reached XP level 5. HP: 40/40 MP: 6/6
  1234 | D:3      | Reached XP level 6. HP: 47/47 MP: 7/7
  1238 | D:3      | Found a transporter.
  1238 | D:3      | Found a transporter.
  1457 | D:3      | Found a basalt altar of Yredelemnul.
  1699 | D:3      | You fall into a shaft and drop 3 floors!
  1723 | D:6      | Reached skill level 7 in Unarmed Combat
  1723 | D:6      | Reached XP level 7. HP: 49/52 MP: 8/8
  1752 | D:5      | Entered Level 5 of the Dungeon
  1874 | D:5      | Noticed Edmund
  1881 | D:5      | Killed Edmund
  1882 | D:5      | Reached skill level 8 in Unarmed Combat
  1935 | D:5      | Found a sparkling altar of Nemelex Xobeh.
  1947 | D:5      | Reached XP level 8. HP: 59/59 MP: 9/9
  1960 | D:5      | Found Uzxeinwo's Book Emporium.
  1993 | D:5      | Found a white marble altar of Elyvilon.
  1996 | D:5      | Noticed Sigmund
  2004 | D:5      | Killed Sigmund
  2005 | D:5      | Reached skill level 9 in Unarmed Combat
  2054 | D:5      | Found Naetagao's Distillery.
  2128 | D:5      | Found Urad's Antique Weapon Shop.
  2209 | D:5      | Found Waok's Weapon Shoppe.
  2232 | D:5      | Found Zaatoarph's Distillery.
  2363 | D:5      | Reached skill level 10 in Unarmed Combat
  2474 | D:6      | Gained mutation: You passively map the area around you.
                  | [Meteoran growth]
  2474 | D:6      | Reached XP level 9. HP: 63/64 MP: 10/10
  2479 | D:6      | Noticed Eustachio
  2487 | D:6      | Killed Eustachio
  2639 | D:6      | Reached skill level 11 in Unarmed Combat
  2759 | D:6      | Found a hide-covered altar of Uskayaw.
  2762 | D:6      | Found a burning altar of Makhleb.
  2762 | D:6      | Found an ornate altar of the Wu Jian Council.
  2925 | D:6      | Reached skill level 12 in Unarmed Combat
  2933 | D:6      | Glimpsed the power of Zot.
  2983 | D:6      | Glimpsed the power of Zot.
  2997 | D:7      | Found a staircase to the Ecumenical Temple.
  3007 | Temple   | Entered the Ecumenical Temple
  3017 | Temple   | Became a worshipper of Warmaster Okawaru
  3313 | D:7      | Reached skill level 1 in Invocations
  3353 | D:7      | Reached XP level 10. HP: 58/71 MP: 10/12
  3369 | D:7      | Reached * piety under Okawaru
  3638 | D:8      | Reached skill level 13 in Unarmed Combat
  3681 | D:8      | Identified the +1 robe of the End {Rampage rPois rF+}
  3738 | D:8      | Noticed a two-headed ogre
  3746 | D:8      | Killed a two-headed ogre
  3746 | D:8      | Reached ** piety under Okawaru
  4197 | D:8      | Glimpsed the power of Zot.
  4247 | D:8      | Glimpsed the power of Zot.
  4423 | D:9      | Found a staircase to the Orcish Mines.
  4704 | Orc:1    | Entered Level 1 of the Orcish Mines
  4704 | Orc:1    | Noticed an orc high priest
  4724 | D:9      | Reached XP level 11. HP: 40/82 MP: 15/15
  4776 | D:10     | Entered Level 10 of the Dungeon
  4784 | D:10     | Noticed a sun demon
  4794 | D:10     | Reached skill level 14 in Unarmed Combat
  4799 | D:10     | Reached *** piety under Okawaru
  4799 | D:10     | HP: 2/82 [something (5)]
  4800 | D:10     | Slain by a vampire

Illustrated notes

Levels and vault maps discovered:
D:1:      dpeg_arrival_simpleton_c, layout_basic, amethyst_killhole,
          minmay_tetromino_s4
D:2:      layout_basic
D:3:      gammafunk_steamed_eel, layout_basic, yredelemnul_altar_generic,
          uniq_grinder
D:5:      layout_loops_corners, mainiacjoe_overflow_concentric_impassable,
          nemelex_xobeh_ov_fountains_minmay, serial_shops, shop,
          nicolae_lakefront_shop, shop, nicolae_shop_crystal,
          nicolae_shop_rolling_square, uniq_sigmund, uniq_edmund
D:6:      layout_loops_corners, nicolae_overflow_hidden_temple,
          minmay_fire_ice_demons, uniq_eustachio
D:7:      layout_loops_cross, minmay_temple_entry_junction
D:8:      layout_basic, minmay_fractal_squares_gapless_5
D:9:      cheibrodos_barr_body, layout_loops_corners,
          pdpol_temple_overflow_zin_treasury_gozag_greed, orc_0_dummy
D:10:     layout_rooms, lair_entry_dummy
Temple:   nicolae_temple_bog_church
Orc:1:    layout_caves, basic_altar, guppyfry_library_mini, uniq_harold,
          uniq_urug, uniq_sonja

Skill      XL: |  1  2  3  4  5  6  7  8  9 10 11 |
---------------+----------------------------------+-----
Unarmed Combat | 4 6 7 8 10 12 13 14 | 14.1
Shapeshifting  | 4 5 6 8 9 |  9.1
Invocations    | 1 4 |  4.0
Fighting       | 3 |  3.6
Dodging        | 3 4 |  4.2

Action                     |  1- 3 |  4- 6 |  7- 9 | 10-12 || total
---------------------------+-------+-------+-------+-------++-------
  Melee: Unarmed           |    82 |    32 |   173 |   148 ||   435
         Punch             |       |       |    10 |    17 ||    27
    Use: Scroll            |     1 |       |     6 |     4 ||    11
         Potion            |       |     1 |       |     1 ||     2
 Armour: Animal skin       |     3 |       |       |       ||     3
         Ring mail         |    10 |     2 |    36 |    38 ||    86
         Skin              |       |     8 |       |    12 ||    20
  Dodge: Dodged            |    48 |     6 |    85 |    85 ||   224
   Form: Beast             |       |       |       |     1 ||     1
         Maw               |       |       |       |     1 ||     1

Table legend: (Time is in decaauts)
 A = Elapsed time spent in this place.
 B = Non-inter-level travel time spent in this place.
 C = Inter-level travel time spent in this place.
 D = Time resting spent in this place.
 E = Time spent auto-exploring this place.
 F = Levels seen in this place.
 G = Mean time per level.
                   A        B        C        D        E       F      G
               +--------+--------+--------+--------+--------+-----+--------+
         Total |   4740 |   4400 |    340 |     44 |   2829 |  11 |  430.9 |
       Dungeon |   4702 |   4363 |    339 |     44 |   2829 |   9 |  522.4 |
        Temple |     32 |     32 |      0 |      0 |      0 |   1 |   32.0 |
  Orcish Mines |      5 |      5 |      0 |      0 |      0 |   1 |    5.0 |
               +--------+--------+--------+--------+--------+-----+--------+

Top non-repeatable levels by time:
     D:8: 830 daAuts
     D:2: 665 daAuts
     D:5: 643 daAuts
     D:6: 620 daAuts
     D:1: 530 daAuts
     D:9: 513 daAuts
     D:3: 494 daAuts
     D:7: 385 daAuts
  Temple: 32 daAuts
    D:10: 20 daAuts
   Orc:1: 5 daAuts
